 Dungeon Crawl Stone Soup version 0.31-a0-37-g98a128e1d9 (webtiles) character file.

Game seed: 6935266150717330525

121 pk666 the Magician (level 4, 0/24 HPs)
             Began as a Deep Elf Fire Elementalist on May 16, 2023.
             Succumbed to an orc's poison
             ... on level 3 of the Dungeon.
             The game lasted 00:03:57 (2995 turns).

pk666 the Magician (Deep Elf Fire Elementalist)     Turns: 2995, Time: 00:03:58

Health: 0/24       AC:  4    Str:  3 (5)  XL:     4   Next: 76%
Magic:  5/12       EV: 13    Int: 20 (22) God:
Gold:   163        SH:  0    Dex: 14 (15) Spells: 8/11 levels left

rFire   . . .        n - +1 dagger (flame)
rCold   . . .        (no shield)
rNeg    . . .        a - +0 robe
rPois   .            (no helmet)
rElec   .            (no cloak)
rCorr   .            u - +0 pair of gloves
SInv    .            m - +0 pair of boots
Will    .....        (no amulet)
Stlth   ++           (no ring)
HPRegen 0.24/turn    (no ring)
MPRegen 0.13/turn

%: no passive effects
@: lethally poisoned (0 -> -7)
A: no striking features
a: no special abilities


You were on level 3 of the Dungeon.
You visited 1 branch of the dungeon, and saw 3 of its levels.

You collected 163 gold pieces.

Inventory:

Hand Weapons
 n - a +1 dagger of flaming (weapon)
Armour
 a - a +0 robe (worn)
 m - a +0 pair of boots (worn)
 u - a +0 pair of gloves (worn)
Jewellery
 d - a +6 ring of intelligence
 p - a ring of magical power
Wands
 j - a wand of roots (4)
Scrolls
 f - 2 scrolls of immolation {unknown}
 i - 2 scrolls of teleportation {unknown}
 k - a scroll of noise {unknown}
 l - a scroll of amnesia {unknown}
 o - a scroll of enchant armour {unknown}
 q - 2 scrolls of identify {unknown}
 s - a scroll of blinking {unknown}
 t - a scroll of fear {unknown}
Potions
 b - a potion of magic
 c - a potion of degeneration
 e - a potion of lignification {unknown}
 g - 2 potions of heal wounds {unknown}
 h - a potion of curing {unknown}
 r - a potion of resistance {unknown}


   Skills:
 + Level 3.6 Dodging
 - Level 2.4 Stealth
 + Level 4.2 Spellcasting
 + Level 2.7 Conjurations
 + Level 4.1 Fire Magic


You had 8 spell levels left.
You knew the following spells:

 Your Spells              Type           Power      Damage    Failure   Level
a - Foxfire               Conj/Fire      72%        2x1d7     3%          1
b - Scorch                Fire           40%        2d7       3%          2

Your spell library contained the following spells:

 Spells                   Type           Power      Damage    Failure   Level
 Inner Flame              Hex/Fire       12%        N/A       16%         3
 Volatile Blastmotes      Fire/Tloc      24%        2d12      16%         3
 Flame Wave               Conj/Fire      18%        2d7       30%         4


Dungeon Overview and Level Annotations

Branches:
Dungeon (3/15)

Altars:
Trog


Message History

The orc wizard is heavily wounded.
The orc wizard gestures wildly while chanting.
The orc wizard flickers and vanishes!
Deactivating autopickup; reactivate with Ctrl-A.
You're too confused to cast spells.
You're too confused to cast spells.
The foxfire hits something but does no damage.
You bump into the rock wall.
You're too confused to cast spells.
Unknown command.
You're too confused to cast spells.
Something barely misses you. The orc misses you.
You're too confused to cast spells.
You feel less confused.
You hear some strange, mumbled words.
A puff of flame appears from out of thin air!
The puff of flame misses you. The orc misses you.
Casting: Foxfire (safe; 2% risk of failure)
Confirm with . or Enter, or press ? or * to list all spells.
You conjure some foxfire!
Something hits you. The orc barely misses you.
The foxfire hits the orc.
The orc is severely wounded.
The foxfire hits something.
Something hits you but does no damage. The orc barely misses you.
Casting: Foxfire (safe; 2% risk of failure)
Confirm with . or Enter, or press ? or * to list all spells.
You conjure some foxfire!
Something barely misses you.
The orc hits you with a +2 dagger of venom.
You are lethally poisoned!
* * * LOW HITPOINT WARNING * * *
You feel very sick.
The foxfire hits something but does no damage.
The foxfire hits the orc.
You kill the orc!
Something hits you.
* * * LOW HITPOINT WARNING * * *
It was a potion of degeneration.
There was something very wrong with that liquid.
You feel weakened.
You feel dopey.
You feel clumsy.
You die...

#........#
####.....######
#####..[......#
.........######
#######..# ###
#######..######...
#.............#.#
......##†.####.!.#
.#.## #(.# #@)##
..>......{...#
###...........#
#..####)###)# ....
#.# .). .... #.#
##. ... ###


There were no monsters in sight!

Vanquished Creatures
  Jessica (D:2)
  4 worms (D:2)
  A dart slug (D:3)
  8 orcs (D:3)
  5 ball pythons
  9 endoplasms
  4 goblins
  4 hobgoblins
  6 jackals (D:2)
  2 quokkas
  7 bats
  3 frilled lizards (D:1)
  7 kobolds
  6 rats
67 creatures vanquished.

Vanquished Creatures (others)
  215 foxfires
215 creatures vanquished.

Grand Total: 282 creatures vanquished

Notes
Turn   | Place    | Note
-------+----------+-------------------------------------------
     0 | D:1      | pk666 the Deep Elf Fire Elementalist began the quest for
                  | the Orb.
     0 | D:1      | Reached XP level 1. HP: 10/10 MP: 6/6
   290 | D:1      | Reached XP level 2. HP: 15/15 MP: 6/8
   302 | D:1      | Learned a level 2 spell: Scorch
  1056 | D:1      | Reached XP level 3. HP: 19/19 MP: 7/10
  1911 | D:2      | Noticed Jessica
  1921 | D:2      | Killed Jessica
  1922 | D:2      | Reached XP level 4. HP: 24/24 MP: 9/12
  2601 | D:3      | Found a bloodstained altar of Trog.
  2929 | D:3      | Identified the +4 chain mail of Metwyoho {Dex+7}
  2995 | D:3      | Succumbed to an orc's poison

Illustrated notes

Levels and vault maps discovered:
D:1:      minmay_arrival_loop, layout_loops_corners
D:2:      layout_loops_corners, minmay_misc_feat_iff, minmay_three_crescents,
          uniq_jessica
D:3:      minmay_door_path, layout_loops_ring, eat_drink_and_be_merry_uskayaw,
          mainiacjoe_overflow_brackets, old_standard_altar,
          ebering_ghost_sewer_f

Skill      XL: |  1  2  3  4 |
---------------+-------------+-----
Dodging        | 3 |  3.6
Conjurations   | 2 |  2.7
Spellcasting   | 4 |  4.2
Fire Magic     | 4 |  4.1
Stealth        | |  2.4

Action                     |  1- 3 |  4- 6 || total
---------------------------+-------+-------++-------
   Cast: Foxfire           |    93 |    45 ||   138
         Scorch            |       |     2 ||     2
    Use: Potion            |       |     1 ||     1
 Armour: Robe              |     3 |     1 ||     4
  Dodge: Dodged            |     6 |     8 ||    14

Table legend: (Time is in decaauts)
 A = Elapsed time spent in this place.
 B = Non-inter-level travel time spent in this place.
 C = Inter-level travel time spent in this place.
 D = Time resting spent in this place.
 E = Time spent auto-exploring this place.
 F = Levels seen in this place.
 G = Mean time per level.
                   A        B        C        D        E       F      G
               +--------+--------+--------+--------+--------+-----+--------+
         Total |   2994 |   2938 |     56 |    182 |   2293 |   3 |  998.0 |
       Dungeon |   2994 |   2938 |     56 |    182 |   2293 |   3 |  998.0 |
               +--------+--------+--------+--------+--------+-----+--------+

Top non-repeatable levels by time:
     D:1: 1299 daAuts
     D:2: 1287 daAuts
     D:3: 407 daAuts
